 Dungeon Crawl Stone Soup version 0.28.0-45-g0d030f2227 (webtiles) character file.

Game seed: 13648957190504383228

112 Zeld the Digger (level 4, 0/26 HPs)
             Began as a Gargoyle Earth Elementalist on Apr 24, 2022.
             Slain by a quokka (4 damage)
             ... on level 3 of the Dungeon.
             The game lasted 00:04:56 (3561 turns).

Zeld the Digger (Gargoyle Earth Elementalist)       Turns: 3561, Time: 00:04:57

Health: 0/26       AC:  5    Str: 12    XL:     4   Next: 95%
Magic:  3/8        EV: 12    Int: 17    God:
Gold:   7          SH:  0    Dex: 10    Spells: 2/8 levels left

rFire   . . .      SeeInvis .   (no weapon)
rCold   . . .      Faith    .   (no shield)
rNeg    + . .      Spirit   .   b - +0 robe
rPois   ∞          Reflect  .   (no helmet)
rElec   +          Harm     .   (no cloak)
rCorr   .          Rampage  .   (no gloves)
Will    .....                   (no boots)
Stlth   ++........              (no amulet)
HPRegen 0.08/turn               (no ring)
MPRegen 0.11/turn               (no ring)

@: no status effects
A: sickness immunity, AC +3, negative energy resistance 1, electricity
resistance, torment resistance 1, petrification resistance
a: no special abilities


You were on level 3 of the Dungeon.
You visited 1 branch of the dungeon, and saw 3 of its levels.

You collected 73 gold pieces.
You spent 66 gold pieces at shops.

Inventory:

Armour
 b - a +0 robe (worn)
Scrolls
 f - 5 scrolls of identify {unknown}
Potions
 a - 4 potions of heal wounds {unknown}
 c - 2 potions of degeneration {unknown}
 d - a potion of haste {unknown}
 e - a potion of invisibility {unknown}
 g - 2 potions of curing


   Skills:
 * Level 1.9 Fighting
 + Level 1.4 Armour
 + Level 2.0 Dodging
 + Level 2.6 Stealth
 * Level 2.7 Spellcasting
 + Level 0.6 Conjurations
 - Level 1.0 Transmutations
 * Level 4.3 Earth Magic


You had 2 spell levels left.
You knew the following spells:

 Your Spells              Type           Power      Damage    Failure   Level
a - Sandblast             Erth           32%        2d9       3%          1
b - Passwall              Tmut/Erth      9%         N/A       9%          2
c - Stone Arrow           Conj/Erth      20%        3d8       21%         3

Your spell library contained the following spells:

 Spells                   Type           Power      Damage    Failure   Level
 Foxfire                  Conj/Fire      12%        2x1d4     16%         1
 Conjure Flame            Conj/Fire      3%         6-21      43%         3
 Inner Flame              Hex/Fire       2%         N/A       47%         3
 Petrify                  Tmut/Erth      11%        N/A       52%         4
 Flame Wave               Conj/Fire      3%         2d4       83%         4
 Summon Forest            Summ/Tloc      1%         N/A       99%         5
 Eringya's Noxious Bog    Tmut/Pois      2%         N/A       100%        6
 Summon Hydra             Summ           1%         N/A       100%        7


Dungeon Overview and Level Annotations

Branches:
Dungeon (3/15)

Altars:

Shops:
D:3 !


Innate Abilities, Weirdness & Mutations

You are immune to sickness and miasma.
Your stone body is resilient. (AC +3)
You are immune to poison.
You resist negative energy. (rN+)
You are resistant to electric shocks. (rElec)
You are resistant to unholy torment.
You are immune to petrification.


Message History

The quokka is lightly wounded.
The quokka bites you but does no damage.
You are too injured to fight recklessly!
You barely miss the quokka.
The quokka is lightly wounded.
The quokka bites you.
* * * LOW HITPOINT WARNING * * *
You are too injured to fight recklessly!
You hit the quokka.
The quokka is heavily wounded.
The quokka bites you but does no damage. x2
You are too injured to fight recklessly!
You are too injured to fight recklessly!
You closely miss the quokka.
The quokka is heavily wounded.
The quokka barely misses you.
Casting: Sandblast (safe; 3% risk of failure)
Confirm with . or Enter, or press ? or * to list all spells.
The spell is quite dangerous to miscast (21% risk of failure)!
Continue anyway?
Aiming: Stone Arrow (quite dangerous; 21% risk of failure)
Press: ? - help, Shift-Dir - straight line, f - quokka
Aim: a quokka (heavily wounded, 56% to hit)
The stone arrow misses the quokka.
The stone arrow hits the rat!
You kill the rat!
The quokka bites you but does no damage.
Casting: Stone Arrow (quite dangerous; 21% risk of failure)
Confirm with . or Enter, or press ? or * to list all spells.
The spell is quite dangerous to miscast (21% risk of failure)!
Continue anyway?
Aiming: Stone Arrow (quite dangerous; 21% risk of failure)
Press: ? - help, Shift-Dir - straight line, f/p - quokka
Aim: a quokka (heavily wounded, 56% to hit)
The stone arrow misses the quokka.
The quokka bites you but does no damage.
Unknown command.
Casting: Stone Arrow (quite dangerous; 21% risk of failure)
Confirm with . or Enter, or press ? or * to list all spells.
You don't have enough magic to cast this spell.
The quokka closely misses you. The quokka bites you.
You die...

##.#.......
##)#.......
...........
#...#......
#......###
#....#############
#................#
#...############.#
#...+..†)......r@#
#..⌠..############
#...._# ###...#
####.r## #......#
#......# #......#
#......#


You could see a quokka.

Vanquished Creatures
  5 adders
  A worm (D:2)
  A dart slug (D:2)
  4 orcs (D:3)
  5 bats
  7 endoplasms
  A giant cockroach (D:1)
  3 goblins
  9 hobgoblins
  2 jackals (D:3)
  A quokka (D:2)
  5 ball pythons
  3 frilled lizards
  3 kobolds (D:1)
  7 rats
57 creatures vanquished.

Notes
Turn   | Place    | Note
-------+----------+-------------------------------------------
     0 | D:1      | Zeld the Gargoyle Earth Elementalist began the quest for
                  | the Orb.
     0 | D:1      | Reached XP level 1. HP: 10/10 MP: 3/3
   472 | D:1      | Reached XP level 2. HP: 16/16 MP: 1/5
  1167 | D:1      | Reached skill level 1 in Transmutations
  1233 | D:1      | Reached XP level 3. HP: 20/20 MP: 2/6
  1236 | D:1      | Learned a level 2 spell: Passwall
  1240 | D:1      | Learned a level 3 spell: Stone Arrow
  1290 | D:1      | Reached skill level 1 in Fighting
  1719 | D:2      | Reached skill level 4 in Earth Magic
  1902 | D:2      | Reached skill level 1 in Armour
  2062 | D:2      | Reached XP level 4. HP: 25/25 MP: 4/7
  3075 | D:3      | Found Meseh's Distillery.
  3077 | D:3      | Bought a potion of curing for 33 gold pieces
  3077 | D:3      | Bought a potion of curing for 33 gold pieces
  3471 | D:3      | Found a faded altar of an unknown god.
  3561 | D:3      | Slain by a quokka

Illustrated notes

Levels and vault maps discovered:
D:1:      shiori_arrival_maze, layout_basic, minmay_tetromino_i2
D:2:      layout_loops_cross, patterned_corridor
D:3:      layout_basic, serial_shops, nicolae_shop_statue_plus,
          ebering_ecumenical_altar_abandoned

Skill      XL: |  1  2  3  4 |
---------------+-------------+-----
Transmutations | 1 |  1.0
Fighting       | 1 |  1.9
Earth Magic    | 4 |  4.3
Armour         | 1 |  1.4
Dodging        | 2 |  2.0
Stealth        | |  2.6
Spellcasting   | |  2.7
Conjurations   | |  0.6

Action                   |  1- 3 |  4- 6 || total
-------------------------+-------+-------++-------
Melee: Unarmed           |    39 |   146 ||   185
       Punch             |     3 |     5 ||     8
 Cast: Sandblast         |    49 |     1 ||    50
       Stone Arrow       |       |    11 ||    11
 Stab: Distracted        |       |     1 ||     1
       Sleeping          |       |     1 ||     1
Armor: Robe              |    14 |    55 ||    69
Dodge: Dodged            |    49 |   104 ||   153
